 Dungeon Crawl Stone Soup version 0.32-a0-350-g4f4d228785 (webtiles) character file.

Game seed: 17564619583665464398

83 Skeral the Firebug (level 4, 0/54 HPs)
             Began as a Mountain Dwarf Fire Elementalist on Feb 17, 2024.
             Was a Follower of Nemelex Xobeh.
             Succumbed to Robin's poison
             ... on level 2 of the Dungeon.
             The game lasted 00:04:47 (1351 turns).

Skeral the Firebug (MDFE)                           Turns: 1351, Time: 00:04:47

Health: 0/54       AC:  2    Str: 10    XL:     4   Next: 22%
Magic:  0/7        EV: 26    Int: 18    God:    Nemelex Xobeh [*.....]
Gold:   36         SH:  0    Dex: 10    Spells: 4/7 levels left

rFire   . . .        e - +2 dagger (elec)
rCold   . . .        (no shield)
rNeg    . . .        a - +0 robe
rPois   .            (no helmet)
rElec   .            (no cloak)
rCorr   .            (no gloves)
SInv    .            (no boots)
Will    +++..        A - amulet of the acrobat Stlth
                     (no ring)
HPRegen 0.29/turn    (no ring)
MPRegen 0.10/turn

%: acrobat
@: berserking, lethally poisoned (0 -> -10), acrobatic, enlightened, flying,
very quick
A: runic magic, artefact enchanting, strong-willed 2
a: Renounce Religion, Draw Escape, Draw Destruction, Draw Summoning


You were on level 2 of the Dungeon.
You worshipped Nemelex Xobeh.
Nemelex Xobeh was aware of your devotion.
You visited 1 branch of the dungeon, and saw 2 of its levels.

You collected 36 gold pieces.


Innate Abilities, Weirdness & Mutations

Your spellcasting is much less encumbered by armour.
You can use scrolls of enchantment on lesser artefacts.
You are highly strong-willed. (Will++)


   Skills:
 + Level 1.8 Fighting
 - Level 1.3 Dodging
 - Level 1.4 Stealth
 + Level 2.4 Spellcasting
 + Level 1.9 Conjurations
 + Level 4.3 Fire Magic


You had 4 spell levels left.
You knew the following spells:

 Your Spells              Type           Power      Damage    Failure   Level
f - Foxfire               Conj/Fire      52%        2x1d6     4%          1
s - Scorch                Fire           34%        2d6       4%          2

Your spell library contained the following spells:

 Spells                   Type           Power      Damage    Failure   Level
 Inner Flame              Hex/Fire       10%        N/A       22%         3
 Volatile Blastmotes      Fire/Tloc      20%        2d11      22%         3
 Cigotuvi's Dreadful Rot  Necr/Alch/Air  4%         N/A       26%         2
 Flame Wave               Conj/Fire      13%        2d6       43%         4
 Ignite Poison            Fire/Alch      10%        N/A       56%         4
 Freezing Cloud           Conj/Ice/Air   2%         6-21      98%         5

Inventory:

Hand Weapons
 e - a +2 dagger of electrocution (weapon)
   (You took it off a goblin on level 1 of the Dungeon)
Armour
 a - a +0 robe (worn)
Jewellery
 A - an amulet of the acrobat (around neck)
   (You found it on level 1 of the Dungeon)
Scrolls
 d - a scroll of blinking {unknown}
Potions
 b - a potion of magic
 h - a potion of mutation {!q}

Dungeon Overview and Level Annotations

Branches:
Dungeon (2/15) Zot: 10650

Altars:
Nemelex Xobeh

##.# ## ##≈.####.#
#.# ##.≈##≈.####.#
#.# #.≈~.......#.#
#.# #≈~##.#....#.#
#.#####≈.#.#[.≈#...#
#.........###≈≈≈####
###g####..# #.###
#.# ## #.# ##@###
..# #.ggg##### ...
#..#g#...#
g########.....#
..ggggg.......#
#########...###
#####


You could see 4 hobgoblins and a goblin (strong).


Message History

The goblin shoots a sling bullet.
The sling bullet completely misses you.
The goblin no longer looks unusually strong.
The goblin shoots a sling bullet.
The sling bullet closely misses you.
Robin roars a battlecry!
The goblin goes into a battle-frenzy!
The goblin shoots a sling bullet.
The sling bullet completely misses you.
Robin says, "Feeling lonely?"
Robin throws the goblin at you!
The goblin hits you but does no damage. 😎 HP[+1]
Your hp is fully restored (36).
You hit the goblin but do no damage.
The goblin no longer looks unusually strong.
The goblin shoots a sling bullet.
The sling bullet hits you but does no damage.
The goblin completely misses you.
You hit the goblin. Robin closely misses you.
The goblin hits you with a +0 dagger of protection. 😕 HP[-3]
You take 3 damage, and now have 33/36 hp.
You hit the goblin.
You kill the goblin!
The hobgoblin no longer looks unusually strong.
Robin throws the goblin at you! 😕 HP[-1] MP[+1]
You take 1 damage, and now have 32/36 hp.
You hit the goblin.
The goblin unwields a +0 sling.
The goblin wields a +0 dagger.
The goblin hits you with a +0 dagger.
Robin hits you with a +3 dagger of venom.
You are poisoned. 😮 HP[-6]
You take 6 damage, and now have 26/36 hp.
You barely miss the goblin.
You feel sick.
The hobgoblin no longer looks unusually strong.
Robin roars a battlecry!
The hobgoblins go into a battle-frenzy!
The goblin hits you but does no damage.
You hear a shout! 😮 HP[-2]
You take 2 damage, and now have 24/36 hp.
You barely miss the goblin.
You feel sick.
You hear a shout!
The goblin hits you with a +0 dagger. Robin closely misses you. 😮 HP[-3]
You take 3 damage, and now have 21/36 hp.
As you read the scroll labelled LIXZEIX NEIDEM, it crumbles to dust.
It is a scroll of enchant weapon.
Your +1 dagger of electrocution glows red for a moment.
You feel sick. Robin closely misses you. The goblin barely misses you.
A hobgoblin comes into view.
Okay, then.
Casting: Foxfire (safe; 4% risk of failure)
Confirm with . or Enter, or press ? or * to list all spells.
Flames lash the hobgoblin.
You kill the hobgoblin!
You feel sick. The goblin closely misses you.
Robin hits you with a +3 dagger of venom.
* * * LOW HITPOINT WARNING * * *
You are more poisoned. 😨 HP[-4] MP[-2]
You take 4 damage, and now have 17/36 hp.
You lost 2 mp, and now have 0/7 mp.
It was a potion of mutation.
You feel extremely strange.
You feel strong-willed.
You feel more strong-willed.
You feel very sick. The goblin hits you with a +0 dagger.
* * * LOW HITPOINT WARNING * * *
Robin closely misses you. 😨 HP[-5]
You take 5 damage, and now have 12/36 hp.
It was a potion of enlightenment.
You feel very buoyant.
You fly up into the air.
* * * LOW HITPOINT WARNING * * *
You feel very sick. The goblin completely misses you.
Robin hits you with a +3 dagger of venom.
* * * LOW HITPOINT WARNING * * *
You are more poisoned. 😱 HP[-5]
You take 5 damage, and now have 7/36 hp.
It was a potion of berserk rage.
A red film seems to cover your vision as you go berserk!
You feel yourself moving faster!
You feel mighty!
* * * LOW HITPOINT WARNING * * *
You feel very sick.
Robin hits you with a +3 dagger of venom.
* * * LOW HITPOINT WARNING * * *
The goblin hits you with a +0 dagger.
* * * LOW HITPOINT WARNING * * *
😱 HP[-3]
You now have 54 max hp (+18).
Unknown command.
You puncture Robin! Lightning courses through Robin!
You kill Robin!
* * * LOW HITPOINT WARNING * * *
You feel sick. 😱 HP[-2]
You take 2 damage, and now have 2/54 hp.
You die...
Your body glows slightly and disappears.

Skill      XL: |  1  2 |
---------------+-------+-----
Conjurations   | 1 |  1.9
Spellcasting   | 2 |  2.4
Fighting       | 1 |  1.8
Fire Magic     | 4 |  4.3
Dodging        | |  1.3
Stealth        | |  1.4

Action                     |  1- 3 |  4- 6 || total
---------------------------+-------+-------++-------
  Melee: Dagger            |    37 |     8 ||    45
   Cast: Foxfire           |    22 |     2 ||    24
         Scorch            |     8 |     1 ||     9
    Use: Potion            |       |     3 ||     3
         Scroll            |       |     1 ||     1
   Stab: Sleeping          |     1 |       ||     1
 Armour: Robe              |    24 |    16 ||    40
  Dodge: Dodged            |    20 |    14 ||    34

Levels and vault maps discovered:
D:1:      saegor_arrival_under_anarchy, layout_loops_corners,
          ebering_ecumenical_altar_sacrificial
D:2:      layout_basic, serial_rivers, chequers_serial_rivers_small_b,
          chequers_serial_rivers_micro_a, chequers_serial_rivers_micro_b,
          chequers_serial_rivers_micro_c, chequers_serial_rivers_micro_c,
          uniq_natasha, uniq_robin

Notes
Turn   | Place    | Note
-------+----------+-------------------------------------------
     0 | D:1      | Skeral the Mountain Dwarf Fire Elementalist began the quest
                  | for the Orb.
     0 | D:1      | Reached XP level 1. HP: 14/14 MP: 3/3
     0 | D:1      | magus.rc [v1.10.3]
    23 | D:1      | You add the spells Cigotuvi's Dreadful Rot, Ignite Poison
                  | and Freezing Cloud to your library.
    47 | D:1      | Reached skill level 1 in Conjurations
   115 | D:1      | Reached XP level 2. HP: 22/22 MP: 0/4
   145 | D:1      | Reached skill level 2 in Spellcasting
   333 | D:1      | Reached skill level 1 in Fighting
   498 | D:1      | Reached skill level 4 in Fire Magic
   549 | D:1      | Learned a level 2 spell: Scorch
   562 | D:1      | Found a faded altar of an unknown god.
   570 | D:1      | Prayed at the altar of an unknown god.
   570 | D:1      | Became a worshipper of Nemelex Xobeh the Trickster
   570 | D:1      | Reached * piety under Nemelex Xobeh
   570 | D:1      | Received a gift from Nemelex Xobeh
   643 | D:1      | Reached XP level 3. HP: 28/28 MP: 3/6
  1318 | D:2      | Noticed Robin
  1325 | D:2      | Reached XP level 4. HP: 36/36 MP: 3/7
  1347 | D:2      | Gained mutation: You are strong-willed. (Will+) [potion of
                  | mutation]
  1347 | D:2      | Gained mutation: You are highly strong-willed. (Will++)
                  | [potion of mutation]
  1348 | D:2      | HP: 9/36 [poisoned by Robin]
  1349 | D:2      | HP: 4/54 [goblin/+0 dagger[Robin] (4)]
  1350 | D:2      | Killed Robin
  1351 | D:2      | Succumbed to Robin's poison

Vanquished Creatures
  Robin (D:2)
  An adder (D:2)
  4 bats (D:1)
  4 endoplasms (D:1)
  8 goblins
  7 hobgoblins
  2 kobolds
  A quokka (D:1)
  3 ball pythons (D:1)
  4 rats (D:1)
35 creatures vanquished.

Vanquished Creatures (others)
  43 foxfires
43 creatures vanquished.

Grand Total: 78 creatures vanquished

Table legend:
 A = Non-vault XP
 B = Vault XP
 C = Vault XP percentage of total XP
 D = Non-vault monster count
 E = Vault monster count
 F = Vault count percentage of total count
                 A         B        C        D         E       F
            +---------+---------+-------+---------+---------+-------
      Total |      91 |      28 |  23.5 |      30 |       5 |  14.3
            +---------+---------+-------+---------+---------+-------
        D:1 |      68 |       0 |   0.0 |      26 |       0 |   0.0
        D:2 |      23 |      28 |  54.9 |       4 |       5 |  55.6
            +---------+---------+-------+---------+---------+-------

Skill      XL: |  1  2 |
---------------+-------+-----
Conjurations   | 1 |  1.9
Spellcasting   | 2 |  2.4
Fighting       | 1 |  1.8
Fire Magic     | 4 |  4.3
Dodging        | |  1.3
Stealth        | |  1.4

Action                     |  1- 3 |  4- 6 || total
---------------------------+-------+-------++-------
  Melee: Dagger            |    37 |     8 ||    45
   Cast: Foxfire           |    22 |     2 ||    24
         Scorch            |     8 |     1 ||     9
    Use: Potion            |       |     3 ||     3
         Scroll            |       |     1 ||     1
   Stab: Sleeping          |     1 |       ||     1
 Armour: Robe              |    24 |    16 ||    40
  Dodge: Dodged            |    20 |    14 ||    34

Illustrated notes

Table legend:
 A = Kills in this place as a percentage of kills in the entire game.
 B = Kills by you in this place as a percentage of kills by you in the entire game.
 C = Kills by friends in this place as a percentage of kills by friends in the entire game.
 D = Other kills in this place as a percentage of other kills in the entire game.
 E = Experience gained in this place as a percentage of experience gained in the entire game.
 F = Experience gained in this place divided by the number of levels of this place that you have seen.
                   A       B       C       D       E      F
               +-------+-------+-------+-------+-------+----------------------
         Total | 100.0 | 100.0 |   N/A |   N/A | 100.0 |  59.5
       Dungeon | 100.0 | 100.0 |   N/A |   N/A | 100.0 |  59.5
               +-------+-------+-------+-------+-------+----------------------

Table legend: (Time is in decaauts)
 A = Elapsed time spent in this place.
 B = Non-inter-level travel time spent in this place.
 C = Inter-level travel time spent in this place.
 D = Time resting spent in this place.
 E = Time spent auto-exploring this place.
 F = Levels seen in this place.
 G = Mean time per level.
                   A        B        C        D        E       F      G
               +--------+--------+--------+--------+--------+-----+--------+
         Total |   1349 |   1256 |     93 |    107 |    637 |   2 |  674.5 |
       Dungeon |   1349 |   1256 |     93 |    107 |    637 |   2 |  674.5 |
               +--------+--------+--------+--------+--------+-----+--------+

Top non-repeatable levels by time:
     D:1: 1112 daAuts
     D:2: 237 daAuts
